 Dungeon Crawl Stone Soup version 0.30-a0-121-gb27577e5d9 (webtiles) character file.

Game seed: 17894651910036091205

14612 ragingrage the Unseen (level 12, -1/62 HPs)
             Began as a Kobold Brigand on Sept 14, 2022.
             Was a Believer of Wu Jian.
             Slain by an unseen horror (7 damage)
             ... on level 11 of the Dungeon.
             The game lasted 00:14:23 (11933 turns).

ragingrage the Unseen (Kobold Brigand)             Turns: 11933, Time: 00:14:24

Health: -1/62      AC: 11    Str:  7 (9)  XL:     12   Next: 47%
Magic:  12/12      EV: 12    Int: 10 (13) God:    Wu Jian [**....]
Gold:   179        SH:  7    Dex: 18 (20) Spells: 11/11 levels left

rFire   . . .      SeeInvis .    b - +0 dagger (venom)
rCold   . . .      Faith    .    x - +2 buckler
rNeg    + . .      Spirit   .    O - +4 Cigotuvi's embrace {rMiasma Drain rN+}
rPois   +          Reflect  .    (no helmet)
rElec   .          Harm     .    J - +2 cloak {Will+}
rCorr   .          Rampage  .    (no gloves)
Will    +....                    y - +0 pair of boots
Stlth   ++++++++..               i - amulet of regeneration
HPRegen 1.00/turn                K - ring of poison resistance
MPRegen 0.13/turn                j - +4 ring of slaying

@: mighty
A: small, no large weapons, nightstalker 3
a: Renounce Religion, Wall Jump


You were on level 11 of the Dungeon.
You worshipped Wu Jian.
Wu Jian was pleased with you.
You visited 2 branches of the dungeon, and saw 13 of its levels.

You collected 639 gold pieces.
You spent 460 gold pieces at shops.

Inventory:

Hand Weapons
 a - a +2 dagger of speed
 b - a +0 dagger of venom (weapon)
Missiles
 d - 23 poisoned darts
 e - 4 curare-tipped darts (quivered)
 k - 11 boomerangs
 G - 8 atropa-tipped darts
Armour
 x - a +2 buckler (worn)
 y - a +0 pair of boots (worn)
 F - a +2 robe of fire resistance
 J - a +2 cloak of willpower (worn)
 N - a +0 troll leather armour
 O - the +4 Cigotuvi's embrace (worn) {rMiasma Drain rN+}
   (You bought it in a shop on level 3 of the Dungeon)

   It gathers nearby corpses to temporarily increase the armour it provides.
   It protects you from foul pestilence.
   rN:        It protects you from negative energy.
   Drain:     It drains your maximum health when unequipped.
Jewellery
 g - a ring of flight
 i - an amulet of regeneration (around neck)
 j - a +4 ring of slaying (right hand)
 v - a ring of protection from fire
 I - a +6 ring of intelligence
 K - a ring of poison resistance (left hand)
Wands
 u - a wand of flame (20)
 L - a wand of iceblast (5)
 M - a wand of mindburst (18)
Scrolls
 c - a scroll of fear {unknown}
 f - a scroll of vulnerability
 m - 3 scrolls of teleportation
 p - 3 scrolls of brand weapon
 s - a scroll of poison
 A - 4 scrolls of enchant weapon
 B - a scroll of immolation {unknown}
 C - 2 scrolls of enchant armour
 E - 2 scrolls of noise {unknown}
 P - 2 scrolls of magic mapping {unknown}
 Q - 3 scrolls of identify
 R - a scroll of silence {unknown}
 S - 2 scrolls of summoning {unknown}
Potions
 h - a potion of curing
 l - 4 potions of mutation
 n - 9 potions of lignification
 q - 2 potions of flight
 t - 2 potions of attraction
 w - 2 potions of might
 z - a potion of brilliance {unknown}
 D - a potion of heal wounds {unknown}
 H - a potion of haste {unknown}


   Skills:
 - Level 2.1 Fighting
 + Level 17.0 Short Blades
 - Level 6.0 Throwing
 - Level 1.2 Dodging
 + Level 18.9 Stealth


You had 11 spell levels left.
You didn't know any spells.
Your spell library contained the following spells:

 Spells                   Type           Power      Damage    Failure   Level
 Sublimation of Blood     Necr           0%         N/A       80%         2
 Wereblood                Tmut           0%         N/A       80%         2
 Ozocubu's Armour         Ice            0%         N/A       95%         3
 Ozocubu's Refrigeration  Ice            0%         4d7       100%        7
 Summon Hydra             Summ           0%         N/A       100%        7


Dungeon Overview and Level Annotations

Branches:
Dungeon (12/15)            Temple (1/1) D:4            Lair (0/5) D:11
    Orc (0/2) D:10

Altars:
Ashenzari
Cheibriados
Dithmenos
Elyvilon
Fedhas
Gozag
Hepliaklqana
Kikubaaqudgha
Makhleb
Nemelex Xobeh
Okawaru
Qazlal
Ru
Sif Muna
Trog
Uskayaw
Vehumet
Wu Jian
Xom
Yredelemnul
Zin
The Shining One

Shops:
D:3 [   D:7 [[[!=

Annotations:
D:7 2 runed translucent doors


Innate Abilities, Weirdness & Mutations

You are small and have problems with some larger weapons.
You are completely attuned to the shadows.


Message History

The slime creature hits you!
* * * LOW HITPOINT WARNING * * *
Something hits you.
* * * LOW HITPOINT WARNING * * *
You block something's attack.
You hit something but do no damage. Something hits you.
* * * LOW HITPOINT WARNING * * *
You hit something. Something hits you.
* * * LOW HITPOINT WARNING * * *
The slime creature barely misses you.
You puncture the slime creature!
The slime creature looks as sick as possible!
The slime creature is almost dead.
You kill the slime creature!
The Council accepts your kill.
You hit something. Something barely misses you. Something hits you.
* * * LOW HITPOINT WARNING * * *
You feel better.
It was a potion of magic.
Magic courses through your body. Something hits you but does no damage.
Unknown command.
It was a potion of degeneration.
There was something very wrong with that liquid.
You feel weakened.
You feel dopey.
You feel clumsy. Something hits you!
* * * LOW HITPOINT WARNING * * *
Unknown command.
It was a potion of might.
You feel very mighty all of a sudden. Something hits you but does no damage.
Unknown command.
Okay, then.
You block something's attack.
You puncture something! You block something's attack. Something hits you.
* * * LOW HITPOINT WARNING * * *
There is an open door here.
You barely miss something. Something hits you!
You die...

#....#.....................
#....#..#..................
#....#..#..................
#....#..#..................
######....####..................
#.............#'######'#####....
#.............#...#........#....
#.............#...#........#....
#.............#@###..#######....
############.....##..########'#.
#.....#........#...#.
#.....#........#...#.
#.....##############.
###.......>..........
#..................
#..................
#..................


There were no monsters in sight!

Vanquished Creatures
  2 two-headed ogres
  2 cyclopes
  A manticore (D:11)
  Joseph (D:8)
  5 orange demons (D:11)
  3 unseen horrors
  A red devil (D:11)
  2 komodo dragons
  A troll (D:9)
  A hornet (D:9)
  Grinder (D:3)
  Prince Ribbit (D:5)
  3 slime creatures
  A wraith (D:8)
  14 yaks
  2 steam dragons
  A human (D:10)
  A warg (D:10)
  An acid dragon (D:9)
  2 water moccasins
  6 orc warriors
  3 sky beasts
  A black bear (D:8)
  3 ice beasts
  7 centaurs
  2 ogres
  A phantom (D:5)
  3 kobold brigands
  2 bullfrogs
  A necrophage (D:6)
  2 scorpions
  9 wights
  5 killer bees (D:9)
  5 howler monkeys
  5 hounds
  6 orc priests
  2 gnoll boudas
  3 jellies
  5 iguanas
  17 orc wizards
  10 gnolls
  4 adders
  A white imp (D:5)
  4 ufetubi
  A dart slug (D:1)
  34 orcs
  5 endoplasms
  6 giant cockroaches
  6 goblins
  6 hobgoblins
  4 jackals
  17 kobolds
  7 quokkas
  10 ball pythons
  7 bats
  8 frilled lizards
  5 rats
269 creatures vanquished.

Vanquished Creatures (others)
  7 plants
7 creatures vanquished.

Grand Total: 276 creatures vanquished

Notes
Turn   | Place    | Note
-------+----------+-------------------------------------------
     0 | D:1      | ragingrage the Kobold Brigand began the quest for the Orb.
     0 | D:1      | Reached XP level 1. HP: 12/12 MP: 1/1
   129 | D:1      | Reached XP level 2. HP: 17/17 MP: 2/2
   452 | D:1      | Reached XP level 3. HP: 14/21 MP: 3/3
  1021 | D:1      | Found a faded altar of an unknown god.
  1547 | D:2      | Reached skill level 6 in Stealth
  1876 | D:2      | Reached XP level 4. HP: 26/26 MP: 4/4
  2516 | D:3      | Noticed Grinder
  2520 | D:3      | Killed Grinder
  2521 | D:3      | Reached skill level 5 in Short Blades
  2521 | D:3      | Reached skill level 7 in Stealth
  2521 | D:3      | Reached XP level 5. HP: 30/30 MP: 5/5
  2521 | D:3      | Reached XP level 6. HP: 35/35 MP: 6/6
  2611 | D:3      | Found Ceneh's Armour Boutique.
  2910 | D:4      | Reached XP level 7. HP: 36/40 MP: 7/7
  3124 | D:4      | Reached skill level 5 in Throwing
  3124 | D:4      | Reached skill level 8 in Stealth
  3342 | D:4      | Found a staircase to the Ecumenical Temple.
  3360 | Temple   | Entered the Ecumenical Temple
  3854 | D:5      | Entered Level 5 of the Dungeon
  4047 | D:5      | Reached XP level 8. HP: 40/44 MP: 8/8
  4366 | D:5      | Reached skill level 9 in Stealth
  4751 | D:5      | Noticed Prince Ribbit
  4764 | D:5      | Killed Prince Ribbit
  4910 | D:6      | Reached skill level 10 in Stealth
  5023 | D:6      | Found a sparkling altar of Nemelex Xobeh.
  5107 | D:6      | Reached XP level 9. HP: 48/48 MP: 9/9
  5317 | D:6      | Reached skill level 11 in Stealth
  5505 | D:6      | Found a broken altar of Ashenzari.
  5506 | D:6      | Saw a vision of the Swamp and the Snake Pit.
  5506 | D:6      | Noticed a black mamba
  5506 | D:6      | Noticed an eleionoma
  5506 | D:6      | Noticed a guardian serpent
  5506 | D:6      | Noticed a naga mage
  5508 | D:6      | Noticed an anaconda
  5512 | D:6      | Noticed a goliath frog
  5584 | D:7      | Found Yriy's Antique Armour Emporium.
  5592 | D:7      | Bought a glowing cloak for 157 gold pieces
  5671 | D:8      | Reached skill level 10 in Short Blades
  5738 | D:8      | Reached skill level 12 in Stealth
  5879 | D:8      | Noticed a two-headed ogre
  5883 | D:8      | Killed a two-headed ogre
  5884 | D:8      | Reached skill level 13 in Stealth
  5884 | D:8      | Reached XP level 10. HP: 53/53 MP: 10/10
  6245 | D:8      | Noticed Joseph
  6249 | D:8      | Killed Joseph
  6250 | D:8      | Reached skill level 14 in Stealth
  6640 | D:7      | Found Quloh's Antique Armour Emporium.
  6858 | D:7      | Noticed a komodo dragon
  6895 | D:7      | Killed a komodo dragon
  6952 | D:7      | Found Romeppa's Jewellery Shoppe.
  6978 | D:7      | Found Pofuwk's Distillery.
  7147 | D:6      | Found a shimmering blue altar of Sif Muna.
  7585 | D:6      | Reached skill level 15 in Stealth
  7646 | D:7      | Found Anurchud's Antique Armour Shoppe.
  7999 | D:7      | Found a runed translucent door.
  8040 | D:7      | Found a runed translucent door.
  8097 | D:7      | Found a glowing golden altar of the Shining One.
  8104 | D:7      | Found an ornate altar of the Wu Jian Council.
  8104 | D:7      | Found an ancient bone altar of Kikubaaqudgha.
  8107 | D:7      | Found a bloodstained altar of Trog.
  8110 | D:7      | Became a worshipper of the Wu Jian Council
  8212 | D:9      | Noticed a two-headed ogre
  8215 | D:9      | Killed a two-headed ogre
  8216 | D:9      | Reached XP level 11. HP: 57/57 MP: 11/11
  8627 | D:9      | Reached skill level 16 in Stealth
  8901 | D:10     | Entered Level 10 of the Dungeon
  8910 | D:10     | Reached * piety under Wu Jian
  9030 | D:3      | Bought the +4 Cigotuvi's embrace {rMiasma Drain rN+} for
                  | 303 gold pieces
  9030 | D:3      | Found the +4 Cigotuvi's embrace {rMiasma Drain rN+}
  9329 | D:10     | Reached skill level 15 in Short Blades
  9599 | D:10     | Reached skill level 17 in Stealth
  9601 | D:10     | Noticed a cyclops
  9672 | D:10     | Killed a cyclops
  9699 | D:10     | Found a staircase to the Orcish Mines.
 10652 | D:11     | Noticed a cyclops
 10670 | D:11     | Killed a cyclops
 10671 | D:11     | Reached XP level 12. HP: 35/62 MP: 12/12
 10729 | D:11     | Reached ** piety under Wu Jian
 10736 | D:11     | Found a staircase to the Lair.
 10800 | D:11     | Reached skill level 18 in Stealth
 11925 | D:11     | HP: 2/62 [something (6)]
 11933 | D:11     | Slain by an unseen horror

Illustrated notes

Levels and vault maps discovered:
D:1:      tarquinn_simple_flora_water_f, layout_loops_ring,
          hellmonk_ecumenical_altar_pennies_from_heaven, minmay_misc_feat_five
D:2:      layout_rooms, roderic_roman_lattice
D:3:      layout_rooms, serial_shops, nicolae_shop_hallway_plus, uniq_grinder
D:4:      kennysheep_big_flooded_room, layout_loops_cross, temple_statues
D:5:      layout_loops_ring, uniq_prince_ribbit1
D:6:      layout_loops_ring, nemelex_xobeh_ov_fountains_minmay,
          grunt_ashenzari_visionary [grunt_ashenzari_visionary_swamp,
          grunt_ashenzari_visionary_snake], lemuel_blue_sif_altar,
          grunt_ministairs_12, chequers_serial_rivers_micro_b,
          minmay_misc_feat_diagonals
D:7:      lemuel_insect_pit, layout_rooms, grunt_temple_overflow_open,
          serial_shops, nicolae_stop_n_shop_1, nicolae_shop_stone,
          nicolae_take_the_stairs, nicolae_square_shop, shop_coins,
          minmay_lizard_king
D:8:      layout_loops_ring, uniq_joseph
D:9:      layout_long_grid
D:10:     layout_basic, erik_orc_4, serial_co_window_serial, co_window_paths_a,
          co_window_corner_a, co_window_of_opportunity_a, co_window_paths_b,
          co_window_paths_a, co_window_corner_cb, co_window_corner_cb,
          co_window_corner_ca, co_window_unsneaky_path_e, co_window_broadway_b,
          co_window_2corner, co_window_of_opportunity_b, glass_columns_c,
          glass_columns_a, glass_columns_a, glass_columns_a, glass_columns_c
D:11:     layout_gridville, david_lair_shrubbed, minmay_beelzebubs_servants
D:12:     layout_big_octagon
Temple:   bh_familiar_temple

Skill      XL: |  1  2  3  4  5  6  7  8  9 10 11 12 |
---------------+-------------------------------------+-----
Short Blades   | 3 5 6 8 11 14 16 17 | 17.0
Throwing       | 3 4 5 6 |  6.0
Stealth        | 6 7 8 10 13 15 17 18 | 18.9
Fighting       | |  2.1
Dodging        | |  1.2

Action                   |  1- 3 |  4- 6 |  7- 9 | 10-12 || total
-------------------------+-------+-------+-------+-------++-------
Melee: Dagger            |   109 |    40 |   232 |   688 ||  1069
       Punch             |     1 |       |       |       ||     1
Throw: Dart              |       |       |     5 |     2 ||     7
Invok: Lunge             |       |       |       |    28 ||    28
       Whirlwind         |       |       |       |     9 ||     9
Evoke: Wand              |       |       |     3 |     6 ||     9
  Use: Scroll            |       |       |       |    13 ||    13
       Potion            |       |       |       |     5 ||     5
 Stab: Sleeping          |    11 |     9 |    25 |    37 ||    82
       Distracted        |       |       |       |     4 ||     4
Armor: Robe              |    32 |     6 |    29 |    47 ||   114
       Leather armour    |       |       |       |   139 ||   139
Dodge: Dodged            |    71 |    22 |    80 |   188 ||   361
Block: Buckler           |       |       |    50 |   119 ||   169

Table legend: (Time is in decaauts)
 A = Elapsed time spent in this place.
 B = Non-inter-level travel time spent in this place.
 C = Inter-level travel time spent in this place.
 D = Time resting spent in this place.
 E = Time spent auto-exploring this place.
 F = Levels seen in this place.
 G = Mean time per level.
                   A        B        C        D        E       F      G
               +--------+--------+--------+--------+--------+-----+--------+
         Total |  11486 |  10586 |    900 |   1100 |   7496 |  13 |  883.5 |
       Dungeon |  11290 |  10410 |    880 |   1100 |   7323 |  12 |  940.8 |
        Temple |    195 |    175 |     20 |      0 |    173 |   1 |  195.0 |
               +--------+--------+--------+--------+--------+-----+--------+

Top non-repeatable levels by time:
    D:11: 1436 daAuts
     D:1: 1316 daAuts
     D:6: 1189 daAuts
    D:10: 1096 daAuts
     D:5: 1095 daAuts
     D:8: 1093 daAuts
     D:4: 961 daAuts
     D:7: 836 daAuts
     D:2: 813 daAuts
     D:9: 741 daAuts
     D:3: 667 daAuts
  Temple: 195 daAuts
    D:12: 42 daAuts
